 Dungeon Crawl Stone Soup version 0.30-a0-620-g0e44632947 (webtiles) character file.

Game seed: 2409525803683230129

884 Dartaoz the Sneak (level 7, 0/37 HPs)
             Began as a Spriggan Hunter on Jan 10, 2023.
             Was a Believer of Okawaru.
             Succumbed to a killer bee's poison
             ... on level 6 of the Dungeon.
             The game lasted 00:09:40 (4054 turns).

Dartaoz the Sneak (Spriggan Hunter)                 Turns: 4054, Time: 00:09:41

Health: 0/37       AC:  2    Str:  7    XL:     7   Next: 76%
Magic:  8/8        EV: 22    Int: 10    God:    Okawaru [**....]
Gold:   283        SH:  0    Dex: 21    Spells: 6/6 levels left

rFire   . . .      SeeInvis +    a - +0 shortbow
rCold   . . .      Faith    .    (shield currently unavailable)
rNeg    . . .      Spirit   .    c - +0 robe
rPois   .          Reflect  .    (helmet restricted)
rElec   .          Harm     .    (no cloak)
rCorr   .          Rampage  .    (gloves unavailable)
Will    +....                    (boots unavailable)
Stlth   ++++                     (no amulet)
HPRegen 0.26/turn                p - ring of flight
MPRegen 0.11/turn                (no ring)

@: lethally poisoned (0 -> -11), flying, very quick
A: very small, no large weapons, unfitting armour, see invisible, speed 3
a: Renounce Religion, Heroism


You were on level 6 of the Dungeon.
You worshipped Okawaru.
Okawaru was pleased with you.
You visited 2 branches of the dungeon, and saw 7 of its levels.

You collected 283 gold pieces.

Inventory:

Hand Weapons
 a - a +0 shortbow (weapon)
 s - a +0 arbalest
Armour
 c - a +0 robe (worn)
Jewellery
 p - a ring of flight (left hand)
Wands
 o - a wand of charming (28)
Scrolls
 b - 2 scrolls of immolation
 d - 2 scrolls of teleportation {unknown}
 f - 3 scrolls of identify {unknown}
 k - a scroll of poison {unknown}
 l - a scroll of brand weapon {unknown}
 m - 2 scrolls of fog {unknown}
 n - 4 scrolls of enchant weapon {unknown}
Potions
 e - 2 potions of mutation {unknown}
 g - 2 potions of heal wounds {unknown}
 h - 4 potions of magic {unknown}
 i - 4 potions of curing {unknown}
 j - a potion of flight {unknown}
 q - a potion of lignification {unknown}
 r - 2 potions of invisibility {unknown}


   Skills:
 + Level 3.9 Fighting
 + Level 6.0 Ranged Weapons
 + Level 6.4 Dodging
 + Level 6.9 Stealth


You had 6 spell levels left.
You didn't know any spells.
Your spell library contained the following spells:

 Spells                   Type           Power      Damage    Failure   Level
 Portal Projectile        Hex/Tloc       0%         N/A       75%         3
 Leda's Liquefaction      Hex/Erth       0%         N/A       98%         4
 Call Canine Familiar     Summ           Unusable   N/A       N/A         3

Dungeon Overview and Level Annotations

Branches:
Dungeon (6/15)             Temple (1/1) D:4

Altars:
Ashenzari
Cheibriados
Dithmenos
Hepliaklqana
Kikubaaqudgha
Makhleb
Nemelex Xobeh
Okawaru
Qazlal
Ru
Sif Muna
Trog
Uskayaw
Vehumet
Wu Jian
Xom
Yredelemnul
Zin
The Shining One


Innate Abilities, Weirdness & Mutations

You are very small and have problems with some larger weapons.
You are too small for most types of armour.
You have supernaturally acute eyesight. (SInv)
You cover ground extremely quickly. (Speed+++)


Message History

The killer bee is severely wounded.
The killer bee stings you.
You are poisoned.
The killer bee poisons you! The killer bee misses you.
The killer bee stings you!
You are more poisoned.
The killer bee poisons you!
You shoot an arrow.
The arrow closely misses the killer bee.
The arrow hits the killer bee.
The killer bee is severely wounded.
You feel very sick. The killer bee closely misses you. x2
The killer bee stings you but does no damage. x2
The killer bee completely misses you.
The killer bee stings you but does no damage.
You shoot an arrow. The arrow barely misses the killer bee.
The arrow misses the killer bee.
You feel very sick.
The killer bee misses you. x2; The killer bee stings you.
You are lethally poisoned!
The killer bee poisons you!
The killer bee completely misses you. x2
The killer bee misses you. x3; The killer bee barely misses you.
You are too injured to fight recklessly!
You are too injured to fight recklessly!
You shoot an arrow.
The arrow closely misses the killer bee.
The arrow barely misses the killer bee.
* * * LOW HITPOINT WARNING * * *
You feel very sick. The killer bee stings you.
* * * LOW HITPOINT WARNING * * *
The killer bee completely misses you. The killer bee stings you.
* * * LOW HITPOINT WARNING * * *
The killer bee barely misses you. The killer bee misses you. x2
You shoot an arrow. The arrow barely misses the killer bee.
The arrow hits the killer bee!
You kill the killer bee!
Okawaru accepts your kill.
You die...

# .##. .. ... .. #.#
#.###.# <....#
###..#######. #
#............
.####.###.#..########
......y@y.#..# ###
.####.#y#.#..# #.#
.[..y..#..####.#
###.#.#.#....(..#
...#.###.#####.# ###
#.# #.#####.##### #.#
#...........# #.#
#.#####.###.# .. #.#
#.#


You could see 4 killer bees.

Vanquished Creatures
  2 ogres (D:5)
  2 phantoms
  A necrophage (D:5)
  A scorpion (D:5)
  A killer bee (D:6)
  A jelly (D:5)
  2 hounds
  2 orc priests
  2 iguanas (D:4)
  3 orc wizards
  8 adders
  2 ufetubi
  2 dart slugs
  22 orcs
  9 endoplasms
  A giant cockroach (D:2)
  2 goblins
  6 hobgoblins
  2 jackals (D:1)
  3 kobolds
  6 quokkas
  8 ball pythons
  4 bats
  9 frilled lizards
  7 rats
108 creatures vanquished.

Vanquished Creatures (others)
  8 plants
8 creatures vanquished.

Grand Total: 116 creatures vanquished

Notes
Turn   | Place    | Note
-------+----------+-------------------------------------------
     0 | D:1      | Dartaoz the Spriggan Hunter began the quest for the Orb.
     0 | D:1      | Reached XP level 1. HP: 10/10 MP: 2/2
    96 | D:1      | Reached XP level 2. HP: 15/15 MP: 3/3
   833 | D:2      | Found a faded altar of an unknown god.
   861 | D:2      | Reached XP level 3. HP: 18/18 MP: 4/4
  1573 | D:3      | Reached XP level 4. HP: 23/23 MP: 5/5
  1723 | D:3      | Found a glowing silver altar of Zin.
  2234 | D:4      | Reached XP level 5. HP: 27/27 MP: 6/6
  2446 | D:4      | Found a staircase to the Ecumenical Temple.
  2467 | Temple   | Entered the Ecumenical Temple
  2762 | Temple   | Became a worshipper of Warmaster Okawaru
  3016 | D:4      | Reached skill level 5 in Ranged Weapons
  3122 | D:4      | Reached XP level 6. HP: 32/32 MP: 7/7
  3300 | D:5      | Entered Level 5 of the Dungeon
  3333 | D:5      | Reached skill level 5 in Dodging
  3333 | D:5      | Reached skill level 5 in Stealth
  3335 | D:5      | Reached * piety under Okawaru
  3410 | D:5      | Reached XP level 7. HP: 32/36 MP: 8/8
  3693 | D:5      | Reached ** piety under Okawaru
  4054 | D:6      | Succumbed to a killer bee's poison

Illustrated notes

Levels and vault maps discovered:
D:1:      erik_arrival_triangle_large, layout_loops_ring, serial_bayou,
          serial_bayou_shore_b, serial_bayou_lagoon_a, serial_bayou_crossing,
          serial_bayou_pond_d, roderic_three_in_a_row
D:2:      kennysheep_big_flooded_room, layout_basic,
          ebering_ecumenical_altar_box
D:3:      layout_basic, zin_treasury
D:4:      layout_basic, minmay_temple_entry_mini_moons, portal_sewer_entry_d,
          minmay_lizard_king
D:5:      layout_basic
D:6:      layout_basic, nicolae_titane
Temple:   mainiacjoe_temple_coin_purse

Skill      XL: |  1  2  3  4  5  6  7 |
---------------+----------------------+-----
Stealth        | 2 3 4 5 6 |  6.9
Dodging        | 3 4 5 6 |  6.4
Fighting       | 2 3 |  3.9
Ranged Weapons | 5 6 |  6.0

Action                   |  1- 3 |  4- 6 |  7- 9 || total
-------------------------+-------+-------+-------++-------
 Fire: Shortbow          |   106 |   150 |    72 ||   328
Armor: Robe              |     2 |     4 |     6 ||    12
Dodge: Dodged            |    28 |    47 |    49 ||   124

Table legend: (Time is in decaauts)
 A = Elapsed time spent in this place.
 B = Non-inter-level travel time spent in this place.
 C = Inter-level travel time spent in this place.
 D = Time resting spent in this place.
 E = Time spent auto-exploring this place.
 F = Levels seen in this place.
 G = Mean time per level.
                   A        B        C        D        E       F      G
               +--------+--------+--------+--------+--------+-----+--------+
         Total |   2877 |   2784 |     93 |    100 |   2027 |   7 |  411.0 |
       Dungeon |   2652 |   2565 |     87 |      0 |   1965 |   6 |  442.0 |
        Temple |    225 |    219 |      6 |    100 |     61 |   1 |  225.0 |
               +--------+--------+--------+--------+--------+-----+--------+

Top non-repeatable levels by time:
     D:3: 595 daAuts
     D:1: 554 daAuts
     D:4: 553 daAuts
     D:5: 490 daAuts
     D:2: 375 daAuts
  Temple: 225 daAuts
     D:6: 82 daAuts
